AoeStats
← Caribe

Hideout

508813938Analyzed
1v1 RM · 8d ago on Sep 24, 2026· 55m 39s· 2 players
Game mode
Random Map
Map size
Tiny (2 player)
Population
200
Speed
Normal
Resources
Standard
Victory
Conquest
Starting age
Dark Age
Ending age
Imperial Age
RankedLock teamsTeams togetherTeam positionsShared explorationLock speedFull tech treeHidden civsTurbo modeCheats
Victory
Defeat
🇻🇪 Vietnamese · Venezuela
1280
+14
🇹🇼 Mongols · Taiwan
1227
-14
Little Prince
5:00 Loom
7:13 Feudal Age
8:48 Wheelbarrow
9:19 Double-Bit Axe
12:30 Fletching
14:50 Man-at-Arms
21:39 Castle Age
20:46 Forging
20:42 Scale Barding Armor
20:49 Gold Mining
22:32 Town Watch
23:28 Gold Shaft Mining
23:01 Husbandry
23:55 Horse Collar
26:41 Bloodlines
29:07 Chain Barding Armor
30:37 Iron Casting
33:09 Stone Mining
33:52 Bow Saw
33:51 Heavy Plow
35:31 Hand Cart
41:07 Imperial Age
40:32 Bodkin Arrow
40:38 Padded Archer Armor
40:01 Light Cavalry
41:29 Cavalier
42:54 Hussar
43:16 Capped Ram
43:52 Onager
45:31 Bracer
46:31 Blast Furnace
45:47 Leather Archer Armor
44:57 Elite Skirmisher
47:31 Ballistics
48:12 Chemistry
47:49 Conscription
49:03 Nomads
50:13 Drill
51:27 Scale Mail Armor
50:49 Long Swordsman
51:26 Capped Ram
55:03 Heavy Cavalry Archer
56:00 Thumb Ring
Caribe
10:25 Feudal Age
14:44 Castle Age
13:47 Double-Bit Axe
14:04 Loom
14:20 Gold Mining
15:34 Bow Saw
15:32 Horse Collar
20:22 Fletching
21:22 Padded Archer Armor
22:31 Leather Archer Armor
24:19 Wheelbarrow
25:37 Heavy Plow
25:57 Bodkin Arrow
30:35 Imperial Age
29:28 Forging
29:18 Scale Mail Armor
29:18 Town Watch
29:56 Hand Cart
29:48 Pikeman
30:30 Squires
32:46 Chemistry
32:34 Chain Mail Armor
33:38 Ballistics
34:30 Iron Casting
34:40 Bracer
36:26 Plate Mail Armor
37:14 Paper Money
37:37 Ring Archer Armor
37:33 Town Patrol
38:59 Chatras
39:14 Scale Barding Armor
40:05 Bloodlines
39:55 Husbandry
39:53 Halberdier
43:20 Chain Barding Armor
42:56 Elite Rattan Archer
46:08 Two-Man Saw
45:40 Crop Rotation
46:31 Plate Barding Armor
50:38 Siege Engineers
50:51 Light Cavalry
54:26 Elite Battle Elephant
Connection lost

Rejoining the realm…

Still unreachable

The connection could not be restored.

Session expired

The server has moved on; the page needs a fresh start.